Map: Ephemeron LE

Players

Patience - Winner!

  • Race: Protoss Protoss
  • Spawn Location: 5:00

HeroMarine

  • Race: Terran Terran
  • Spawn Location: 11:00

Event: IEM Katowice 2020

VOD

Have the link to the VOD?

Description

Time

  • Played on: Feb. 24, 2020, 6:36 a.m.
  • Length: 13:00

All games in this series

Show
View Real Time Build Order
Export as new Build Order

Patience Protoss - Winner!

Build Orders: 1 Gate Expand, Oracle Opening, Phoenix Opening 

Get SALT Encoding   

  12  0:00  Probe  
  13  0:12  Probe  
  14  0:17  Pylon  
  14  0:25  Probe (Chrono Boost)  
  16  0:37  Probe (Chrono Boost)  
  16  0:38  Gateway  
  16  0:42  Probe (Chrono Boost)  
  16  0:47  Assimilator  
  17  0:52  Probe  
  19  1:04  Probe  
  19  1:16  Probe  
  20  1:25  Nexus  
  20  1:34  Cybernetics Core  
  20  1:37  Probe  
  21  1:42  Assimilator  
  21  1:49  Probe  
  21  1:52  Pylon  
  22  2:01  Probe  
  22  2:07  Adept (Chrono Boost)  
  23  2:13  Probe  
  23  2:15  Stargate  
  26  2:22  Warp Gate  
  26  2:25  Probe  
  27  2:31  Adept  
  28  2:39  Probe  
  28  2:42  Probe  
  30  2:51  Probe  
  31  2:55  Probe  
  31  2:57  Oracle (Chrono Boost)  
  36  3:05  Probe (Chrono Boost)  
  36  3:07  Probe (Chrono Boost)  
  36  3:10  Pylon  
  37  3:18  Probe (Chrono Boost)  
  39  3:20  Probe (Chrono Boost)  
  39  3:23  Probe (Chrono Boost)  
  39  3:24  Phoenix (Chrono Boost)  
  42  3:27  Probe  
  43  3:36  Probe  
  43  3:39  Probe  
  45  3:43  Twilight Council  
  45  3:44  Forge  
  45  3:49  Assimilator  
  45  3:50  Probe  
  46  4:01  Probe  
  46  4:02  Probe  
  48  4:08  Gateway x2  
  48  4:12  Stalker, Blink (Chrono Boost)  
  48  4:13  Probe  
  48  4:14  Probe  
  50  4:25  Probe  
  50  4:27  Protoss Ground Weapons Level 1 (Chrono Boost)  
  50  4:31  Probe  
  52  4:32  Pylon  
  52  4:39  Nexus  
  52  4:45  Pylon  
  48  4:53  Stalker  
  48  5:03  Probe (Chrono Boost)  
  48  5:05  Probe (Chrono Boost)  
  51  5:15  Probe (Chrono Boost)  
  51  5:16  Stalker x3  
  51  5:19  Probe (Chrono Boost)  
  51  5:20  Probe (Chrono Boost)  
  57  5:27  Probe  
  59  5:29  Probe  
  59  5:33  Pylon  
  60  5:39  Probe  
  60  5:40  Stalker x2  
  60  5:41  Probe, Stalker  
  68  5:44  Charge (Chrono Boost)  
  68  5:51  Probe x2  
  68  5:53  Probe  
  71  5:57  Gateway  
  71  5:59  Gateway  
  71  6:01  Gateway  
  71  6:16  Sentry  
  71  6:17  Sentry x2  
  71  6:18  Probe x2, Gateway  
  79  6:20  Gateway, Protoss Ground Armor Level 1 (Chrono Boost)  
  79  6:22  Probe  
  80  6:39  Probe x3  
  83  6:42  Pylon  
  83  6:43  Pylon, Zealot x3  
  83  6:46  Pylon  
  89  6:58  Pylon, Zealot x2  
  93  7:01  Zealot  
  93  7:07  Zealot x3  
  101  7:11  Pylon  
  101  7:16  Zealot x2  
  105  7:23  Pylon, Robotics Facility  
  105  7:26  Zealot x2  
  105  7:27  Zealot  
  111  7:33  Zealot x3  
  117  7:38  Templar Archives  
  113  7:44  Stalker x2  
  113  7:47  Stalker x3  
  118  7:52  Pylon  
  118  7:57  Zealot x3  
  114  8:20  Immortal (Chrono Boost)  
  114  8:21  Pylon, Zealot x3  
  124  8:27  Stalker x2  
  124  8:29  Stalker  
  114  8:43  Zealot x3  
  84  8:51  Zealot x2  
  84  8:53  Zealot  
  78  8:58  Stalker  
  78  9:02  Zealot  
  76  9:05  Zealot x2  
  74  9:10  Shield Battery  
  74  9:11  Shield Battery  
  74  9:12  Zealot x2  
  57  9:24  Stalker x2  
  57  9:25  Zealot x2  
  57  9:29  Gateway  
  61  9:31  Gateway  
  61  9:33  Zealot x2  
  60  9:49  Probe x2  
  62  9:56  Stalker x2  
  62  9:57  Nexus  
  66  10:03  Zealot x3  
  70  10:13  Probe x2  
  72  10:25  Pylon  
  72  10:30  Sentry, Zealot x2  
  72  10:31  Zealot  
  74  10:40  Zealot x2  
  78  10:43  Probe  
  79  10:55  Stalker x2  
  83  11:03  Probe (Chrono Boost)  
  85  11:04  Probe (Chrono Boost)  
  85  11:12  Probe (Chrono Boost)  
  85  11:15  Probe (Chrono Boost)  
  85  11:17  Zealot x4  
  95  11:26  Zealot  
  95  11:27  Zealot  
  99  11:34  Pylon  
  99  11:38  Stalker x3  
  105  11:40  Stalker  
  103  11:55  Zealot x4  
  77  12:05  Zealot x4  
  79  12:15  Zealot x4  
  81  12:28  Zealot  
  81  12:29  Zealot x3  
  63  12:37  Stalker x3  
  63  12:42  Zealot  
  67  12:50  Zealot x3  
  71  12:53  Zealot  
Show
View Real Time Build Order
Export as new Build Order

HeroMarine Terran 

Build Orders: Reaper Expand 

Get SALT Encoding   

  12  0:00  SCV  
  13  0:12  SCV  
  14  0:17  Supply Depot  
  14  0:24  SCV  
  15  0:38  SCV  
  15  0:39  Barracks  
  16  0:43  Refinery  
  16  0:50  SCV  
  17  1:02  SCV  
  18  1:15  SCV  
  19  1:27  Reaper, Orbital Command  
  20  1:40  Command Center  
  20  1:48  Supply Depot  
  20  1:52  SCV  
  21  1:58  Marine  
  22  2:04  SCV  
  22  2:07  Factory  
  23  2:14  Refinery  
  23  2:16  SCV  
  23  2:21  Barracks Reactor  
  24  2:29  SCV  
  25  2:41  SCV  
  26  2:53  SCV  
  26  2:54  Widow Mine  
  26  2:55  Orbital Command  
  26  2:57  Marine x2  
  26  2:58  Starport  
  30  3:05  SCV  
  31  3:15  Marine x2  
  31  3:16  Widow Mine  
  31  3:17  SCV  
  36  3:22  SCV  
  36  3:26  Supply Depot  
  37  3:29  SCV  
  37  3:32  Marine  
  37  3:33  Marine  
  40  3:34  SCV  
  40  3:37  Widow Mine  
  40  3:38  Medivac  
  44  3:41  SCV  
  44  3:46  SCV  
  46  3:50  Marine  
  46  3:51  Marine  
  46  3:53  SCV, Barracks  
  49  3:58  SCV, Widow Mine  
  48  4:05  SCV  
  47  4:10  SCV  
  47  4:13  Marine x2  
  50  4:18  SCV  
  50  4:22  SCV  
  52  4:27  Starport Tech Lab, Factory Tech Lab  
  52  4:32  SCV, Barracks  
  52  4:33  Engineering Bay  
  52  4:34  SCV  
  54  4:47  SCV, Marine  
  54  4:51  SCV, Marine  
  52  5:00  SCV  
  52  5:01  Supply Depot, Terran Infantry Weapons Level 1  
  52  5:03  SCV  
  54  5:07  Siege Tank  
  54  5:08  Stimpack, Marine x2  
  54  5:12  SCV  
  54  5:13  Supply Depot  
  60  5:15  SCV  
  60  5:19  Refinery, Marine  
  62  5:24  SCV  
  62  5:26  Marine  
  62  5:27  SCV  
  66  5:30  Marine  
  66  5:36  SCV  
  66  5:38  Refinery, Barracks Tech Lab  
  66  5:39  SCV, Siege Tank  
  71  5:46  Starport Reactor, Marine x2, Supply Depot  
  71  5:48  SCV, Marine  
  74  5:51  SCV  
  74  5:54  Missile Turret  
  74  5:59  Marine  
  74  6:00  SCV, Combat Shield  
  74  6:04  SCV, Marine  
  77  6:08  Marine  
  77  6:09  Supply Depot  
  79  6:15  Siege Tank  
  81  6:19  Supply Depot, Marauder x2  
  81  6:22  Marine  
  86  6:25  Supply Depot  
  86  6:30  Marine  
  89  6:36  Starport Reactor  
  87  6:40  Marine  
  87  6:41  Marauder x2  
  90  6:47  Concussive Shells  
  90  6:48  Marine, Siege Tank  
  90  6:53  Supply Depot  
  94  6:55  Terran Infantry Armor Level 1  
  94  6:57  Marine  
  95  7:01  Marine  
  95  7:02  Marauder  
  95  7:03  Supply Depot  
  95  7:06  Marine  
  97  7:15  Medivac x2, Marine, Supply Depot  
  101  7:20  Marauder  
  104  7:23  Marauder  
  104  7:24  Marine  
  104  7:29  SCV  
  109  7:30  SCV  
  109  7:33  Marine  
  109  7:36  Siege Tank  
  113  7:41  Marauder, Marine  
  115  7:45  Marauder  
  115  7:51  Marine  
  117  7:54  Medivac  
  117  7:59  Marine  
  117  8:03  Marauder  
  119  8:06  Marauder  
  119  8:09  Marine  
  113  8:17  Marine  
  105  8:24  Marauder  
  105  8:27  Marine  
  106  8:28  Marauder  
  108  8:35  Marine  
  99  8:44  Marine  
  99  8:45  Marauder  
  81  8:48  Marine  
  81  8:53  Marine  
  72  8:55  SCV  
  72  8:56  SCV  
  72  9:02  Marine  
  69  9:06  Marine x2  
  69  9:08  SCV x2  
  74  9:11  Marine  
  71  9:20  Marine  
  68  9:24  Marine x2  
  68  9:28  Marine  
  68  9:29  Medivac x2, Siege Tank  
  68  9:30  SCV  
  74  9:37  SCV  
  74  9:38  Marine  
  76  9:42  SCV, Marauder, Marine  
  79  9:46  Marine  
  79  9:49  SCV  
  78  9:54  SCV  
  78  9:56  Marine  
  78  9:59  Liberator x2  
  86  10:00  Marine  
  86  10:01  SCV  
  86  10:04  Marauder, Marine  
  86  10:06  SCV  
  90  10:13  SCV, Marine  
  87  10:17  Siege Tank  
  87  10:18  Marauder  
  87  10:19  SCV  
  91  10:22  Marine  
  91  10:25  Marauder  
  91  10:26  SCV  
  95  10:31  SCV, Marine  
  85  10:39  Marauder  
  85  10:40  Marine  
  89  10:45  Liberator x2  
  89  10:47  Marauder  
  89  10:49  Marine  
  97  10:50  Barracks  
  97  10:57  Widow Mine, Marine  
  97  11:01  Marauder  
  102  11:07  Marine  
  102  11:08  Marauder  
  105  11:15  Marine  
  106  11:19  Barracks  
  106  11:22  Marauder  
  106  11:23  Widow Mine  
  106  11:25  Marine  
  111  11:27  Liberator  
  111  11:29  Marauder  
  111  11:31  Liberator  
  119  11:33  Marine  
  120  11:42  Marine  
  120  11:43  Marauder, Marine  
  120  11:46  Widow Mine  
  126  11:51  Marauder, Marine  
  123  12:00  Marine  
  123  12:01  Marine  
  82  12:05  Marauder  
  81  12:09  Marine x2  
  81  12:12  Marine  
  83  12:18  Marine  
  83  12:19  Marine  
  80  12:26  Marine  
  65  12:30  Marauder  
  65  12:31  Marine  
  65  12:35  Marine  
  61  12:40  Marine  

Tags
 
Add a new tag
Caveats
  • Supply blocks, unpowered buildings, or Contaminate may cause inaccurate times.
  • Supply counts are checked every 10 seconds.